cohdb
Replays
Latest Replays
All Replays
Popular Replays
Top Player Replays
Match Explorer
How It Works
Community
CoH3 Stats
Reddit
Sign in to upload your games and track your stats! →
Sign in with Steam
Match 45439615
Unlisted
Match 45439615
Overview
Messages
Build Orders
End
Panzergrenadier Squad
Selects Italian Infantry
250 Light Carrier
Panzergrenadier Squad
Construct Light Support Kompanie
Combat Half-tracks
Selects Defensive Operations
Fire Support Elements
Flakvierling Half-track
le.IG 18 Mechanized Group
Assault Grenadier Squad
Construct Mechanized Kompanie
StuG III D Assault Gun
Advanced Field Repairs
Emergency Repair Kits
Selects Guastatori Squad
Construct Panzerarmee Kommand
Vehicle Survival Package
Armored Reserves
Jonesey
Spectre_18x
Bc124
hononi
Robert3366
S1L
tomp0
Jimmy
0
0
Comments
sign in to comment!
No comments posted yet!